 Dungeon Crawl Stone Soup version 0.24.0-13-gcf9b319 (webtiles) character file.

Game seed: 13200419178398158780, levelgen mode: deterministic

142 stormannn the Firebug (level 5, -6/41 HPs)
             Began as a Hill Orc Fire Elementalist on Jan 1, 2020.
             Mangled by a gnoll
             ... wielding a +1 spear of pain
              (8 damage)
             ... on level 3 of the Dungeon.
             The game lasted 00:11:39 (3422 turns).

stormannn the Firebug (Hill Orc Fire Elementalist)  Turns: 3422, Time: 00:11:40

Health: -6/41      AC:  5    Str: 12    XL:     5   Next: 25%
Magic:  4/8        EV: 12    Int: 15    God:
Gold:   88         SH:  0    Dex:  9    Spells: 5/8 levels left

rFire    . . .     SeeInvis .   d - +1 flail (venom)
rCold    . . .     Gourm    .   (no shield)
rNeg     . . .     Faith    .   e - +0 leather armour
rPois    .         Spirit   .   (no helmet)
rElec    .         Reflect  .   (no cloak)
rCorr    .         Harm     .   (no gloves)
MR       .....                  (no boots)
Stlth    +.........             (no amulet)
HPRegen  0.13/turn              (no ring)
MPRegen  0.11/turn              (no ring)

@: no status effects
A: yellow scales 1, clumsy 1
a: no special abilities


You were on level 3 of the Dungeon.
You were hungry.

You visited 1 branch of the dungeon, and saw 3 of its levels.

You collected 88 gold pieces.

Inventory:

Hand Weapons
 d - a +1 flail of venom (weapon)
Missiles
 j - 7 boomerangs (quivered)
Armour
 e - a +0 leather armour (worn)
Scrolls
 b - a scroll of remove curse
Potions
 a - a potion of brilliance {unknown}
 f - a potion of mutation
Comestibles
 c - 7 rations
 g - 2 chunks of flesh


   Skills:
 + Level 2.0 Fighting
 + Level 0.5 Maces & Flails
 * Level 0.5 Armour
 - Level 2.1 Dodging
 - Level 1.5 Stealth
 - Level 1.7 Unarmed Combat
 + Level 2.2 Spellcasting
 + Level 2.0 Conjurations
 + Level 3.9 Fire Magic


You had 5 spell levels left.
You knew the following spells:

 Your Spells              Type           Power        Failure   Level  Hunger
a - Flame Tongue          Conj/Fire      ##...        9%          1    #......
b - Throw Flame           Conj/Fire      ##....       12%         2    ###....

Your spell library contained the following spells:

 Spells                   Type           Power        Failure   Level  Hunger
 Conjure Flame            Conj/Fire      ##......     24%         3    ###....
 Inner Flame              Hex/Fire       #.......     36%         3    ###....
 Sticky Flame             Conj/Fire      ##......     63%         4    #####..
 Fireball                 Conj/Fire      ##........   92%         5    ######.


Dungeon Overview and Level Annotations

Branches:
Dungeon (3/15)

Altars:
Qazlal
Yredelemnul


Innate Abilities, Weirdness & Mutations

You are partially covered in yellow scales. (AC +2)
You are clumsy. (Dex -2)


Message History

The gnoll sergeant blocks your attack.
The gnoll sergeant is lightly wounded.
The gnoll hits you from afar with a +1 spear of pain.
The gnoll sergeant hits you with a +0 spear.
The gnoll sergeant blocks your attack.
The gnoll sergeant is lightly wounded.
The gnoll hits you from afar with a +1 spear of pain.
* * * LOW HITPOINT WARNING * * *
You writhe in agony.
* * * LOW HITPOINT WARNING * * *
The gnoll sergeant hits you with a +0 spear.
* * * LOW HITPOINT WARNING * * *
The gnoll closely misses you.
The gnoll sergeant hits you with a +0 spear!
* * * LOW HITPOINT WARNING * * *
It was a potion of mutation.
You feel extremely strange.
You feel clumsy.
Yellow scales grow over part of your body.
The gnoll hits you from afar with a +1 spear of pain!
You die...

########### #........<#
#(######### #.# #.# #@# ####
#######g####... ........g..g...
#
################.###g.###.####
...................#.....g....
.########......##..#...###.####
...................#.....gg....
#...#####......##)##...<#...###
#...# #......#.....#### .....


You could see a gnoll sergeant and a gnoll.

Vanquished Creatures
  5 gnolls (D:2)
  2 adders (D:2)
  An ooze (D:2)
  A dart slug (D:1)
  4 orcs
  7 bats
  3 giant cockroaches
  13 goblins
  6 hobgoblins
  5 jackals (D:1)
  5 kobolds
  5 frilled lizards
  8 rats
65 creatures vanquished.

Notes
Turn   | Place    | Note
-------+----------+-------------------------------------------
     0 | D:1      | stormannn the Hill Orc Fire Elementalist began the quest
                  | for the Orb.
     0 | D:1      | Reached XP level 1. HP: 14/14 MP: 3/3
   164 | D:1      | Reached XP level 2. HP: 22/22 MP: 1/4
   278 | D:1      | Reached skill level 1 in Fighting
   886 | D:1      | Reached XP level 3. HP: 27/28 MP: 5/5
   891 | D:1      | Reached skill level 1 in Unarmed Combat
  1157 | D:1      | Learned a level 2 spell: Throw Flame
  1817 | D:2      | Reached XP level 4. HP: 34/35 MP: 0/7
  2628 | D:2      | Found a stormy altar of Qazlal.
  2793 | D:2      | Reached XP level 5. HP: 34/41 MP: 1/8
  2982 | D:2      | Found a basalt altar of Yredelemnul.
  3421 | D:3      | HP: 2/41 [gnoll sergeant/+0 spear (7)]
  3422 | D:3      | Gained mutation: You are clumsy. (Dex -2) [potion of
                  | mutation]
  3422 | D:3      | Gained mutation: You are partially covered in yellow
                  | scales. (AC +2) [potion of mutation]
  3422 | D:3      | Mangled by a gnoll

Levels and vault maps discovered:
D:1:      saegor_arrival_simple_b, layout_basic
D:2:      layout_loops_ring, grunt_qazlal_clouds, yredelemnul_altar_generic,
          first_ration
D:3:      layout_basic, lemuel_crystal_altar

Skill      XL: |  1  2  3  4  5 |
---------------+----------------+-----
Fighting       | 1 2 |  2.0
Unarmed Combat | 1 |  1.7
Dodging        | 2 |  2.1
Spellcasting   | 2 |  2.2
Conjurations   | 2 |  2.0
Maces & Flails | |  0.5
Armour         | |  0.5
Stealth        | |  1.5
Fire Magic     | |  3.9

Action                   |  1- 3 |  4- 6 || total
-------------------------+-------+-------++-------
Melee: Unarmed           |    71 |    41 ||   112
       Flail             |       |    33 ||    33
       Punch             |       |     1 ||     1
Throw: Boomerang         |     6 |       ||     6
 Cast: Flame Tongue      |    48 |    27 ||    75
       Throw Flame       |     2 |    10 ||    12
  Use: Scroll            |       |     5 ||     5
       Potion            |       |     5 ||     5
  Eat: Chunk             |     4 |     6 ||    10
Armor: Robe              |    17 |     2 ||    19
       Skin              |       |     6 ||     6
       Leather armour    |       |    17 ||    17
Dodge: Dodged            |    52 |    64 ||   116
